[ AOE2 MATCH · #475582808 ]
Team RMItalians vs Romans
[ REPLAY ANALYSIS · EXTRACTED FROM THE RECORDED GAME ]
Feudal
16:20
Castle
24:05
Imperial
—
| APM avg | 10.2 |
| APM peak | 24 |
| eAPM avg | 5.9 |
| Villagers / military | 44 / 0 |
Focus
⚔️ 3.8% · 🌾 96.2%
Fishing Ship ×11
Feudal
13:39
Castle
—
Imperial
—
| APM avg | 37.1 |
| APM peak | 62 |
| eAPM avg | 11.1 |
| Villagers / military | 38 / 22 |
Focus
⚔️ 18.5% · 🌾 81.5%
Scout Cavalry ×18 · Spearman ×4
Feudal
15:01
Castle
19:15
Imperial
—
| APM avg | 23.7 |
| APM peak | 57 |
| eAPM avg | 9.3 |
| Villagers / military | 48 / 13 |
Focus
⚔️ 17.1% · 🌾 82.9%
Knight ×13
Feudal
—
Castle
—
Imperial
—
| APM avg | 0.2 |
| APM peak | 4 |
| eAPM avg | 0.1 |
| Villagers / military | 0 / 0 |
Feudal
—
Castle
—
Imperial
—
| APM avg | 0.9 |
| APM peak | 14 |
| eAPM avg | 0.5 |
| Villagers / military | 4 / 0 |
Focus
⚔️ 0.0% · 🌾 100.0%
Feudal
—
Castle
—
Imperial
—
| APM avg | 0.1 |
| APM peak | 3 |
| eAPM avg | 0.1 |
| Villagers / military | 0 / 0 |
Feudal
14:53
Castle
20:14
Imperial
—
| APM avg | 29.3 |
| APM peak | 46 |
| eAPM avg | 16.3 |
| Villagers / military | 34 / 23 |
Focus
⚔️ 19.4% · 🌾 80.6%
Fishing Ship ×27 · Militia ×21 · Spearman ×2
Feudal
—
Castle
—
Imperial
—
| APM avg | 0.1 |
| APM peak | 3 |
| eAPM avg | 0.1 |
| Villagers / military | 0 / 0 |
Match map
Resources at game start + every placement click. Thick line = wall · dashed box = detected house wall. 🟡 gold · ⚪ stone · 🟢 berries · 🔶 boar · ⭕ relic
Inputs per minute
— 602406569 - - 水溝蓋
Build order — 602406569
93 actions detected in the replay
| 0:49 | Build | Town Center |
| 2:46 | Build | House |
| 2:57 | Research | Loom |
| 2:58 | Create | Villager (Male) |
| 2:58 | Create | Villager (Male) |
| 2:58 | Create | Villager (Male) |
| 2:58 | Create | Villager (Male) |
| 2:59 | Create | Villager (Male) |
| 2:59 | Create | Villager (Male) |
| 3:32 | Build | House |
| 3:46 | Build | House |
| 4:47 | Build | Mining Camp |
| 5:47 | Build | Dock |
| 6:37 | Create | Fishing Ship |
| 6:37 | Create | Fishing Ship |
| 7:22 | Create | Villager (Male) |
| 7:22 | Create | Villager (Male) |
| 7:23 | Create | Villager (Male) |
| 7:51 | Create | Fishing Ship |
| 7:52 | Create | Fishing Ship |
| 7:52 | Create | Fishing Ship |
| 8:00 | Create | Villager (Male) |
| 8:00 | Create | Villager (Male) |
| 8:34 | Create | Villager (Male) |
| 8:35 | Create | Villager (Male) |
| 8:35 | Create | Villager (Male) |
| 8:35 | Create | Villager (Male) |
| 9:22 | Create | Villager (Male) |
| 9:22 | Create | Villager (Male) |
| 9:23 | Create | Villager (Male) |
| 9:31 | Build | Mill |
| 9:57 | Create | Villager (Male) |
| 9:57 | Create | Villager (Male) |
| 9:58 | Create | Villager (Male) |
| 10:24 | Create | Fishing Ship |
| 10:24 | Create | Fishing Ship |
| 10:24 | Create | Fishing Ship |
| 10:36 | Build | House |
| 10:38 | Build | House |
| 10:41 | Build | House |
| 10:44 | Build | House |
| 11:01 | Create | Villager (Male) |
| 11:01 | Create | Villager (Male) |
| 11:02 | Create | Villager (Male) |
| 11:02 | Create | Villager (Male) |
| 11:28 | Build | House |
| 11:57 | Create | Villager (Male) |
| 11:57 | Create | Villager (Male) |
| 12:08 | Build | House |
| 12:30 | Build | Lumber Camp |
| 13:07 | Build | Palisade Wall |
| 13:18 | Create | Fishing Ship |
| 13:18 | Create | Fishing Ship |
| 13:18 | Create | Fishing Ship |
| 14:10 | Research | Feudal Age |
| 15:02 | Build | Barracks |
| 15:44 | Create | Villager (Male) |
| 15:45 | Create | Villager (Male) |
| 16:20 | Age | Feudal Age |
| 16:24 | Build | Blacksmith |
| 16:52 | Build | Mining Camp |
| 17:08 | Build | Archery Range |
| 17:20 | Create | Villager (Male) |
| 17:20 | Create | Villager (Male) |
| 17:20 | Create | Villager (Male) |
| 17:29 | Create | Villager (Male) |
| 18:36 | Research | Horse Collar |
| 18:39 | Research | Double-Bit Axe |
| 18:43 | Create | Villager (Male) |
| 18:44 | Create | Villager (Male) |
| 18:50 | Create | Villager (Male) |
| 19:23 | Build | Watch Tower |
| 20:38 | Build | Farm |
| 20:39 | Build | Farm |
| 20:41 | Build | Farm |
| 20:43 | Build | Farm |
| 20:45 | Build | Farm |
| 20:46 | Build | Farm |
| 20:47 | Build | Farm |
| 21:21 | Build | Farm |
| 21:25 | Research | Castle Age |
| 22:18 | Research | Stone Mining |
| 22:22 | Research | Gold Mining |
| 23:08 | Create | Villager (Male) |
| 23:09 | Create | Villager (Male) |
| 24:05 | Age | Castle Age |
| 24:10 | Build | Castle |
| 24:19 | Create | Villager (Male) |
| 24:19 | Create | Villager (Male) |
| 24:19 | Create | Villager (Male) |
| 24:20 | Create | Villager (Male) |
| 24:20 | Create | Villager (Male) |
| 24:20 | Create | Villager (Male) |
Build order — 水溝蓋
80 actions detected in the replay
| 0:59 | Build | Town Center |
| 3:09 | Create | Villager (Male) |
| 3:09 | Create | Villager (Male) |
| 3:09 | Create | Villager (Male) |
| 3:09 | Create | Villager (Male) |
| 3:10 | Create | Villager (Male) |
| 3:50 | Research | Loom |
| 3:50 | Create | Villager (Male) |
| 3:50 | Create | Villager (Male) |
| 3:50 | Create | Villager (Male) |
| 4:10 | Create | Villager (Male) |
| 4:10 | Create | Villager (Male) |
| 4:53 | Create | Villager (Male) |
| 4:54 | Create | Villager (Male) |
| 5:44 | Create | Villager (Male) |
| 5:44 | Create | Villager (Male) |
| 6:22 | Build | Lumber Camp |
| 6:27 | Create | Villager (Male) |
| 6:28 | Create | Villager (Male) |
| 7:11 | Create | Villager (Male) |
| 7:11 | Create | Villager (Male) |
| 7:45 | Create | Villager (Male) |
| 7:45 | Create | Villager (Male) |
| 7:45 | Create | Villager (Male) |
| 8:49 | Create | Villager (Male) |
| 8:49 | Create | Villager (Male) |
| 9:04 | Build | Barracks |
| 9:17 | Create | Villager (Male) |
| 9:17 | Create | Villager (Male) |
| 10:25 | Create | Villager (Male) |
| 10:44 | Create | Villager (Male) |
| 10:44 | Create | Villager (Male) |
| 10:46 | Create | Villager (Male) |
| 11:15 | Create | Villager (Male) |
| 11:22 | Research | Feudal Age |
| 11:23 | Create | Villager (Male) |
| 11:23 | Create | Villager (Male) |
| 12:35 | Build | Mining Camp |
| 13:28 | Build | Building 796 |
| 13:39 | Age | Feudal Age |
| 13:50 | Build | Stable |
| 14:03 | Create | Villager (Male) |
| 14:04 | Create | Villager (Male) |
| 14:04 | Create | Villager (Male) |
| 14:04 | Create | Villager (Male) |
| 14:22 | Build | Watch Tower |
| 14:48 | Build | Watch Tower |
| 14:59 | Create | Villager (Male) |
| 14:59 | Create | Villager (Male) |
| 17:05 | Build | Mill |
| 17:19 | Research | Bloodlines |
| 17:20 | Create | Scout Cavalry ×5 |
| 17:20 | Create | Scout Cavalry ×5 |
| 17:20 | Create | Scout Cavalry ×4 |
| 17:38 | Build | Farm |
| 17:46 | Build | Farm |
| 18:22 | Build | Farm |
| 18:39 | Build | Mill |
| 18:58 | Research | Wheelbarrow |
| 19:22 | Build | Blacksmith |
| 19:39 | Build | Farm |
| 20:12 | Build | Farm |
| 20:14 | Build | Farm |
| 20:31 | Research | Scale Barding Armor |
| 20:43 | Create | Scout Cavalry |
| 20:57 | Build | Farm |
| 20:58 | Build | Farm |
| 21:01 | Build | Farm |
| 21:02 | Build | Farm |
| 21:32 | Research | Forging |
| 21:47 | Create | Scout Cavalry |
| 21:47 | Create | Scout Cavalry |
| 21:47 | Create | Scout Cavalry |
| 22:08 | Build | Mining Camp |
| 23:02 | Create | Spearman |
| 24:21 | Build | Watch Tower |
| 24:23 | Create | Spearman |
| 24:23 | Create | Spearman |
| 24:23 | Create | Spearman |
| 24:38 | Build | Palisade Gate |
Build order — yangka.dragon
88 actions detected in the replay
| 1:01 | Build | Town Center |
| 2:56 | Create | Villager (Male) ×4 |
| 2:56 | Create | Villager (Male) ×4 |
| 3:59 | Create | Villager (Male) |
| 3:59 | Create | Villager (Male) |
| 4:29 | Create | Villager (Male) |
| 4:52 | Build | Lumber Camp |
| 5:02 | Create | Villager (Male) |
| 5:02 | Create | Villager (Male) |
| 5:30 | Create | Villager (Male) |
| 6:36 | Research | Loom |
| 6:55 | Create | Villager (Male) |
| 6:55 | Create | Villager (Male) |
| 6:56 | Create | Villager (Male) |
| 6:56 | Create | Villager (Male) |
| 7:10 | Create | Villager (Male) |
| 7:10 | Create | Villager (Male) |
| 7:10 | Create | Villager (Male) |
| 7:11 | Create | Villager (Male) |
| 7:54 | Create | Villager (Male) |
| 8:31 | Build | Mill |
| 8:57 | Create | Villager (Male) |
| 9:23 | Create | Villager (Male) |
| 9:23 | Create | Villager (Male) |
| 9:23 | Create | Villager (Male) |
| 9:24 | Create | Villager (Male) |
| 9:24 | Create | Villager (Male) |
| 10:02 | Create | Villager (Male) |
| 10:03 | Create | Villager (Male) |
| 10:03 | Create | Villager (Male) |
| 10:16 | Build | Farm |
| 10:39 | Create | Villager (Male) |
| 10:40 | Create | Villager (Male) |
| 11:16 | Build | Farm |
| 11:18 | Create | Villager (Male) |
| 11:51 | Create | Villager (Male) |
| 12:07 | Create | Villager (Male) |
| 12:45 | Research | Feudal Age |
| 13:36 | Build | Barracks |
| 14:44 | Build | Farm |
| 14:47 | Build | Farm |
| 14:49 | Build | Farm |
| 14:52 | Build | Farm |
| 15:01 | Age | Feudal Age |
| 15:11 | Build | Blacksmith |
| 15:14 | Build | Stable |
| 15:46 | Build | Stable |
| 16:35 | Research | Castle Age |
| 16:35 | Research | Castle Age |
| 17:36 | Research | Bloodlines |
| 18:01 | Build | Farm |
| 18:55 | Research | Double-Bit Axe |
| 19:15 | Age | Castle Age |
| 19:19 | Create | Knight |
| 19:24 | Create | Villager (Male) |
| 19:25 | Create | Villager (Male) |
| 19:48 | Build | Town Center |
| 19:53 | Create | Villager (Male) |
| 20:21 | Create | Knight |
| 20:31 | Create | Villager (Male) |
| 20:41 | Create | Villager (Male) |
| 20:53 | Research | Husbandry |
| 21:01 | Build | Farm |
| 21:04 | Build | Farm |
| 21:07 | Build | Farm |
| 21:12 | Create | Knight |
| 21:15 | Create | Knight |
| 21:30 | Create | Villager (Male) |
| 21:35 | Create | Villager (Male) |
| 21:40 | Build | Farm |
| 21:41 | Build | Farm |
| 21:43 | Build | Farm |
| 21:45 | Create | Knight |
| 22:08 | Create | Knight |
| 22:22 | Build | Farm |
| 22:26 | Create | Villager (Male) |
| 22:28 | Create | Villager (Male) |
| 22:34 | Create | Knight |
| 23:00 | Create | Knight |
| 23:06 | Create | Villager (Male) |
| 23:07 | Create | Villager (Male) |
| 23:23 | Build | Siege Workshop |
| 23:29 | Create | Knight |
| 23:45 | Build | Farm |
| 23:48 | Create | Knight |
| 24:48 | Create | Knight |
| 24:49 | Create | Knight |
| 24:49 | Create | Knight |
Build order — xxxibgdrgn
0 actions detected in the replay
Build order — FormerProdigy
2 actions detected in the replay
| 0:53 | Build | Town Center |
| 3:05 | Create | Villager (Male) ×4 |
Build order — DAO HAO DOG HAVE DEAD FAMILY
0 actions detected in the replay
Build order — zzx
137 actions detected in the replay
| 0:23 | Build | Town Center |
| 0:36 | Build | House |
| 2:49 | Create | Villager (Male) |
| 2:50 | Create | Villager (Male) |
| 3:12 | Build | Dock |
| 3:18 | Create | Villager (Male) |
| 3:32 | Create | Villager (Male) |
| 4:20 | Research | Loom |
| 4:22 | Create | Fishing Ship |
| 4:57 | Build | House |
| 5:02 | Create | Villager (Male) |
| 5:02 | Create | Villager (Male) |
| 5:28 | Build | House |
| 5:34 | Create | Villager (Male) |
| 5:35 | Create | Villager (Male) |
| 5:59 | Create | Villager (Male) |
| 6:00 | Create | Villager (Male) |
| 7:02 | Create | Villager (Male) |
| 7:02 | Create | Villager (Male) |
| 7:28 | Create | Villager (Male) |
| 7:31 | Create | Villager (Male) |
| 7:35 | Create | Fishing Ship |
| 7:52 | Build | Mill |
| 8:16 | Create | Fishing Ship |
| 8:37 | Build | House |
| 8:44 | Create | Villager (Male) |
| 9:09 | Create | Villager (Male) |
| 9:17 | Build | House |
| 9:21 | Create | Fishing Ship |
| 9:22 | Create | Villager (Male) |
| 9:42 | Create | Villager (Male) |
| 10:03 | Create | Villager (Male) |
| 10:06 | Create | Fishing Ship |
| 10:41 | Build | Barracks |
| 10:47 | Create | Villager (Male) |
| 10:52 | Create | Fishing Ship |
| 11:19 | Build | Mining Camp |
| 11:20 | Create | Villager (Male) |
| 11:27 | Build | House |
| 11:37 | Create | Villager (Male) |
| 11:40 | Create | Militia |
| 11:41 | Create | Militia |
| 12:17 | Create | Villager (Male) |
| 12:18 | Create | Fishing Ship |
| 12:43 | Research | Feudal Age |
| 12:49 | Build | House |
| 12:50 | Build | House |
| 12:53 | Create | Militia |
| 13:28 | Create | Fishing Ship |
| 13:29 | Create | Fishing Ship |
| 13:42 | Create | Militia |
| 13:51 | Create | Militia |
| 13:57 | Build | House |
| 14:21 | Create | Militia |
| 14:51 | Create | Villager (Male) |
| 14:53 | Age | Feudal Age |
| 14:57 | Build | Blacksmith |
| 15:40 | Build | Watch Tower |
| 15:53 | Create | Villager (Male) |
| 16:09 | Create | Villager (Male) |
| 16:16 | Create | Fishing Ship |
| 16:17 | Create | Militia |
| 16:21 | Create | Villager (Male) |
| 16:25 | Create | Villager (Male) |
| 16:40 | Create | Fishing Ship |
| 16:48 | Create | Villager (Male) |
| 16:59 | Build | Market |
| 17:07 | Create | Villager (Male) |
| 17:08 | Create | Militia |
| 17:09 | Create | Militia |
| 17:20 | Create | Militia |
| 17:34 | Research | Castle Age |
| 17:37 | Create | Fishing Ship |
| 17:40 | Research | Tech 906 |
| 18:12 | Create | Militia |
| 18:26 | Research | Scale Mail Armor |
| 18:32 | Build | Lumber Camp |
| 18:34 | Create | Militia |
| 18:39 | Create | Militia |
| 18:47 | Research | Gold Mining |
| 18:58 | Build | Dock |
| 19:35 | Create | Militia |
| 19:51 | Create | Fishing Ship |
| 19:51 | Create | Fishing Ship |
| 19:53 | Create | Fishing Ship |
| 19:56 | Create | Villager (Male) |
| 20:09 | Create | Militia |
| 20:14 | Age | Castle Age |
| 20:25 | Create | Fishing Ship |
| 20:25 | Create | Fishing Ship |
| 20:36 | Build | Dock |
| 20:42 | Build | House |
| 20:42 | Build | House |
| 20:43 | Build | House |
| 20:43 | Build | House |
| 20:43 | Build | House |
| 20:44 | Build | House |
| 21:01 | Create | Militia |
| 21:34 | Create | Spearman |
| 21:44 | Create | Spearman |
| 21:47 | Create | Villager (Male) |
| 22:05 | Research | Gambesons |
| 22:13 | Create | Fishing Ship |
| 22:14 | Create | Fishing Ship |
| 22:14 | Create | Fishing Ship |
| 22:14 | Create | Fishing Ship |
| 22:22 | Create | Fishing Ship |
| 22:23 | Create | Fishing Ship |
| 22:23 | Create | Fishing Ship |
| 22:26 | Create | Militia |
| 22:26 | Create | Militia |
| 22:38 | Create | Fishing Ship |
| 22:38 | Create | Fishing Ship |
| 22:41 | Create | Villager (Male) |
| 22:51 | Build | House |
| 22:51 | Build | House |
| 22:51 | Build | House |
| 22:52 | Build | House |
| 22:52 | Build | House |
| 22:52 | Build | House |
| 23:04 | Create | Villager (Male) |
| 23:20 | Create | Militia |
| 23:25 | Research | Chain Mail Armor |
| 23:32 | Build | Barracks |
| 23:32 | Build | Barracks |
| 23:32 | Build | Barracks |
| 23:33 | Build | Barracks |
| 24:01 | Build | Farm |
| 24:01 | Build | Farm |
| 24:02 | Build | Farm |
| 24:02 | Build | Farm |
| 24:05 | Build | Farm |
| 24:15 | Create | Militia |
| 24:16 | Create | Militia |
| 24:23 | Build | Farm |
| 24:29 | Research | Forging |
| 24:42 | Create | Fishing Ship |
Build order — taileibuxiang3
0 actions detected in the replay
Match timeline
| 0:06 | DAO HAO DOG HAVE DEAD FAMILY · resign |
| 3:12 | zzx · first_building Dock |
| 5:47 | 602406569 · first_building Dock |
| 9:04 | 水溝蓋 · first_building Barracks |
| 10:41 | zzx · first_building Barracks |
| 13:07 | 602406569 · wall_segment Palisade Wall x6 |
| 13:36 | yangka.dragon · first_building Barracks |
| 13:39 | 水溝蓋 · age_up feudal |
| 13:50 | 水溝蓋 · first_building Stable |
| 14:53 | zzx · age_up feudal |
| 15:01 | yangka.dragon · age_up feudal |
| 15:02 | 602406569 · first_building Barracks |
| 15:14 | yangka.dragon · first_building Stable |
| 16:20 | 602406569 · age_up feudal |
| 17:08 | 602406569 · first_building Archery Range |
| 19:15 | yangka.dragon · age_up castle |
| 20:14 | zzx · age_up castle |
| 23:23 | yangka.dragon · first_building Siege Workshop |
| 24:05 | 602406569 · age_up castle |
| 24:10 | 602406569 · first_building Castle |
[ AI ANALYSIS · 1 CREDIT ]
What really happened in this match?
Wolo.gg analyzes every decision: build order, eco, micro, common mistakes by bracket. Personalized analysis on WhatsApp or Discord in 30 seconds.
Civ guide
Italians
Map guide
Nomad
Perfil
602406569